AoeStats
← aDT_The Night Panda

Enclosed

502988963Analyzed
3v3 EW · 1mo ago on Aug 29, 2026· 12m 11s· 6 players
Game mode
Empire Wars
Map size
Normal (6 player)
Population
200
Speed
Normal
Resources
Standard
Victory
Conquest
Starting age
Feudal Age
Ending age
Imperial Age
RankedLock teamsTeams togetherTeam positionsShared explorationLock speedFull tech treeHidden civsTurbo modeCheats
Victory
Defeat
🇩🇰 Slavs · Denmark
1379
+12
🇩🇰 Ethiopians · Denmark
1122
+58
🇩🇰 Spanish · Denmark
1093
+56
🇦🇷 Ethiopians · Argentina
1209
-17
🇨🇴 Berbers · Colombia
1205
-16
🇺🇸 Hindustanis · United States
1199
-16
Young Carter
6:15 Castle Age
7:32 Horse Collar
7:37 Double-Bit Axe
DK | Mauseren
0:59 Double-Bit Axe
2:47 Horse Collar
4:07 Scale Barding Armor
5:43 Bloodlines
5:44 Forging
7:44 Gold Mining
8:32 Wheelbarrow
11:54 Castle Age
12:58 Chain Barding Armor
aDT_The Night Panda
0:42 Double-Bit Axe
2:27 Fletching
3:35 Padded Archer Armor
9:28 Castle Age
7:40 Horse Collar
8:26 Gold Mining
9:14 Wheelbarrow
9:39 Crossbowman
10:15 Bodkin Arrow
11:40 Leather Archer Armor
12:21 Ballistics
El Mono Monkey
2:29 Fletching
2:57 Double-Bit Axe
6:16 Padded Archer Armor
6:19 Horse Collar
9:55 Forging
12:53 Castle Age
Marcus Aurelius
0:34 Double-Bit Axe
2:53 Horse Collar
3:35 Bloodlines
5:47 Scale Barding Armor
Jusegores
4:05 Bloodlines
6:51 Scale Barding Armor
9:51 Castle Age
8:02 Gold Mining
10:15 Forging
12:27 Husbandry
Connection lost

Rejoining the realm…

Still unreachable

The connection could not be restored.

Session expired

The server has moved on; the page needs a fresh start.